 Dungeon Crawl Stone Soup version 0.16.0-11-gd45b091 (webtiles) character file.

81 Nefaurd the Grave Robber (level 4, 0/30 HPs)
             Began as a Vampire Necromancer on Mar 17, 2015.
             Slain by a gnoll
             ... wielding a +0 club
              (7 damage)
             ... on level 2 of the Dungeon.
             The game lasted 00:18:19 (2508 turns).

Nefaurd the Grave Robber (Vampire Necromancer)      Turns: 2508, Time: 00:18:20

Health: 0/30       AC:  3    Str:  7    XL:     4   Next: 20%
Magic:  2/8        EV: 12    Int: 18    God:
Gold:   112        SH:  0    Dex: 12    Spells: 2 memorised, 4 levels left

rFire  . . .     SeeInvis +       - Unarmed
rCold  + . .     Clarity  .     a - +0 robe
rNeg   + + .     SustAb   .     (no shield)
rPois  +         Gourm    .     (helmet restricted)
rElec  .         Spirit   .     (no cloak)
rCorr  .         Warding  .     d - +0 pair of gloves
rMut   .         Stasis   .     (no boots)
MR     .....                    (no amulet)
Stlth  +++.......               (no ring)
                                (no ring)

@: regenerating slowly, not resistant to hostile enchantments, fairly stealthy
A: bottle blood, fangs 3, horns 1, see invisible, clumsy 1, poison resistance,
unbreathing, forlorn, MP-powered wands 1
a: Bat Form


You were on level 2 of the Dungeon.
You were thirsty.

You visited 1 branch of the dungeon, and saw 2 of its levels.

You collected 112 gold pieces.

Inventory:

Armour
 a - a +0 robe (worn)
 d - a +0 pair of gloves (worn)
Scrolls
 f - 2 scrolls of teleportation {unknown}
 g - 3 scrolls of identify
 j - a scroll of amnesia {unknown}
Potions
 c - 3 potions of blood
 e - a potion of curing
 h - a potion of poison {unknown}
 k - a potion of restore abilities {unknown}
Books
 b - a book of Necromancy

   Spells                             Type                      Level
   a - Pain                           Necromancy                   1
   b - Animate Skeleton               Necromancy                   1
   c - Vampiric Draining              Necromancy                   3
   d - Regeneration                   Charms/Necromancy            3
   e - Animate Dead                   Necromancy                   4
   f - Control Undead                 Necromancy                   4
 i - a book of Frost

   Spells                             Type                      Level
   a - Freeze                         Ice                          1
   b - Throw Frost                    Conjuration/Ice              2
   c - Ozocubu's Armour               Charms/Ice                   3
   d - Throw Icicle                   Conjuration/Ice              4
   e - Summon Ice Beast               Ice/Summoning                4
   f - Condensation Shield            Ice                          4


   Skills:
 + Level 2.6 Dodging
 + Level 3.6 Stealth
 + Level 1.0 Unarmed Combat
 + Level 2.6 Spellcasting
 + Level 5.3 Necromancy


You had 4 spell levels left.
You knew the following spells:

 Your Spells              Type           Power        Failure   Level  Hunger
a - Pain                  Necr           ###.         1%          1    #......
b - Vampiric Draining     Necr           ###.......   10%         3    ###....


Dungeon Overview and Level Annotations

Branches:
Dungeon (2/15)

Altars:
Trog
Xom


Innate Abilities, Weirdness & Mutations

You heal slowly.
You can bottle blood from corpses.
You have razor-sharp teeth.
You have supernaturally acute eyesight.
You can survive without breathing.
You have a pair of small horns on your head.
You are clumsy. (Dex -2)
Your system is resistant to poisons.
You have difficulty communicating with the divine.
You expend magic power (3 MP) to slightly strengthen your wands.


Message History

Aim: a worm (almost dead, chance 86%)
The worm convulses in agony!
You kill the worm!
You see here a worm corpse.
You start resting.
A gnoll appears from thin air!
It is wielding a club.
You start resting.
You start resting.
The gnoll shouts!
Things that are here:
a hand axe; a goblin corpse You start resting.
Casting: Pain
Confirm with . or Enter, or press ? or * to list all spells.
Aiming: Vampiric Draining
Press: ? - help, Shift-Dir - straight line, f - gnoll
Aim: a gnoll, wielding a club The gnoll is severely wounded.
You feel life coursing into your body. The gnoll hits you with a club!
You die...

#.#.# #..# .... #.#.#####..#
##### ..... #.#.......... ...#
...... #.#....#########.##
......
#.#....'..........####....#
#.#....########._.........#
#.###### #............# #.#
########............# #.#
#......÷.@##........#
#.#####'#.......g..†......#
#.#.......................#
#.#......#########..)#....##.
#.#.>....'..>.......÷'.......
##'#....%.#########.###...####
#........)#### #... ......
#............# #..########
#............# #..#


You could see a gnoll.

Vanquished Creatures
  3 adders (D:2)
  2 worms (D:2)
  2 giant geckos (D:1)
  An ooze (D:1)
  3 orcs (D:2)
  A ball python (D:1)
  8 hobgoblins
  4 kobolds (D:1)
  A quokka (D:2)
  2 bats (D:1)
  5 giant newts
  8 goblins
  2 rats
42 creatures vanquished.

Notes
Turn   | Place    | Note
--------------------------------------------------------------
     0 | D:1      | Nefaurd, the Vampire Necromancer, began the quest for the Orb.
     0 | D:1      | Reached XP level 1. HP: 13/13 MP: 3/3
   433 | D:1      | Reached XP level 2. HP: 17/19 MP: 1/4
   731 | D:1      | Reached skill level 5 in Necromancy
   764 | D:1      | Gained mutation: You expend magic power (3 MP) to slightly strengthen your wands. [potion of mutation]
   764 | D:1      | Gained mutation: You have a pair of small horns on your head. [potion of mutation]
   765 | D:1      | Gained mutation: You have difficulty communicating with the divine. [potion of mutation]
   765 | D:1      | Gained mutation: Your system is resistant to poisons. [potion of mutation]
   765 | D:1      | Gained mutation: You are clumsy. (Dex -2) [potion of mutation]
  1147 | D:2      | Reached XP level 3. HP: 6/24 MP: 1/6
  1652 | D:1      | Learned a level 3 spell: Vampiric Draining
  2020 | D:2      | Found a shimmering altar of Xom.
  2239 | D:2      | Found a bloodstained altar of Trog.
  2374 | D:2      | Reached XP level 4. HP: 12/30 MP: 1/8
  2375 | D:2      | Reached skill level 1 in Unarmed Combat
  2508 | D:2      | Slain by a gnoll

Action                   |  1- 3 |  4- 6 || total
-------------------------+-------+-------++-------
Melee: Unarmed           |    54 |     1 ||    55
 Cast: Pain              |    57 |     6 ||    63
       Vampiric Draining |     3 |     2 ||     5
 Abil: End Transformatio |     1 |       ||     1
       Bat Form          |     1 |       ||     1
  Use: Potion            |     5 |       ||     5
       Scroll            |     2 |       ||     2
  Eat: Corpse            |     2 |     1 ||     3
